 Dungeon Crawl Stone Soup version 0.30.0-5-g1a98f26d00 (webtiles) character file.

Game seed: 13480347669963351015

142 hawla the Firebug (level 5, -1/38 HPs)
             Began as a Meteoran Fire Elementalist on May 12, 2023.
             Slain by a goblin
             ... wielding a +0 dagger
              (3 damage)
             ... on level 4 of the Dungeon.
             The game lasted 00:02:41 (373 turns).

hawla the Firebug (Meteoran Fire Elementalist)       Turns: 373, Time: 00:02:42

Health: -1/38      AC:  3    Str:  9    XL:     5   Next: 79%
Magic:  4/11       EV:  6    Int: 19    God:
Gold:   39         SH:  0    Dex: 14    Spells: 3/10 levels left

rFire   . . .        h - +0 long sword
rCold   . . .        (no shield)
rNeg    . . .        a - +1 robe
rPois   .            (no helmet)
rElec   .            (no cloak)
rCorr   .            (no gloves)
SInv    .            (no boots)
Will    .....        (no amulet)
Stlth   +            (no ring)
HPRegen 0.26/turn    (no ring)
MPRegen 0.12/turn

%: no passive effects
@: weakened, very slightly contaminated, held, glowing
A: sense surroundings 1, otherworldly, glowing, explore regen
a: no special abilities


You were on level 4 of the Dungeon.
You visited 1 branch of the dungeon, and saw 4 of its levels.

You collected 39 gold pieces.

Inventory:

Hand Weapons
 h - a +0 long sword (weapon)
Armour
 a - a +1 robe (worn)
Wands
 f - a wand of roots (2) (quivered)
Potions
 b - a potion of magic


   Skills:
 - Level 2.3 Long Blades
 - Level 2.7 Dodging
 - Level 1.4 Stealth
 - Level 3.4 Spellcasting
 + Level 2.1 Conjurations
 - Level 4.8 Fire Magic
 + Level 2.3 Evocations


You had 3 spell levels left.
You knew the following spells:

 Your Spells              Type           Power      Damage    Failure   Level
a - Foxfire               Conj/Fire      64%        2x1d7     3%          1
b - Scorch                Fire           42%        2d7       3%          2
c - Flame Wave            Conj/Fire      16%        2d7       34%         4

Your spell library contained the following spells:

 Spells                   Type           Power      Damage    Failure   Level
 Sting                    Tmut/Pois      12%        1d3       14%         1
 Inner Flame              Hex/Fire       12%        N/A       16%         3
 Volatile Blastmotes      Fire/Tloc      24%        2d12      16%         3
 Poisonous Vapours        Pois/Air       6%         N/A       22%         2
 Olgreb's Toxic Radiance  Pois           3%         N/A       82%         4


Dungeon Overview and Level Annotations

Branches:
Dungeon (4/15) Zot: 2026
 Temple: D:4-7

Altars:


Innate Abilities, Weirdness & Mutations

You passively map a small area around you.
You are easily found by Zot.
You glow in the dark.
You regain HP and MP as you explore.


Message History

The gnoll bouda barks out a call to the hunt!
The gnolls pick up the pace!
A goblin comes into view. It is wielding a +0 dagger.
A jackal comes into view.
The gnoll bouda gazes fiercely through you!
You feel as though you will be weak longer.
The dart slug briefly extends its eye-stalks.
The goblin barely misses you.
As you read the scroll labelled SAOFAXK ITTORECW, it crumbles to dust.
You feel aware of your surroundings.
It was a scroll of magic mapping.
The gnoll hits you from afar with a +0 spear!
The goblin hits you but does no damage.
As you read the scroll labelled TIDIKEICUO, it crumbles to dust.
The creatures around you are filled with an inner flame!
It was a scroll of immolation.
The gnoll misses you. The gnoll bouda barely misses you.
The goblin barely misses you.
The gnoll bouda attacks as you move away!
The gnoll bouda barely misses you. The goblin closely misses you.
The gnoll bouda attacks as you move away!
The gnoll bouda hits you with a +0 whip.
The goblin attacks as you move away! The goblin closely misses you.
The gnoll throws a throwing net.
The throwing net hits you.
You become entangled in the net!
You see here a throwing net.
You tear a large gash into the net.
The gnoll bouda hits you with a +0 whip.
* * * LOW HITPOINT WARNING * * *
The goblin hits you with a +0 dagger.
* * * LOW HITPOINT WARNING * * *
The gnoll hits you from afar with a +0 spear.
* * * LOW HITPOINT WARNING * * *
It was a potion of curing.
You feel better. The goblin hits you but does no damage.
The gnoll bouda hits you with a +0 whip!
* * * LOW HITPOINT WARNING * * *
The gnoll hits you from afar with a +0 spear.
* * * LOW HITPOINT WARNING * * *
The gnoll hits you but does no damage.
You struggle against the net.
The goblin hits you with a +0 dagger.
You die...

,,,,,* ####♣♣.♣♣#####.#####.# #
,,,,,* #..................#.####
,,,,,* #.##♣♣.♣♣#####.###.#.....
,,,,,* #.# ♣.♣ ****#.# #.######
,,,,,* #.# #.##*,,,..# #.......
,,...####S####g.########*########
**#.....wJ..S.g.........,,,>*
*,..hw########g.g.......,,,,*
,,..*,* #.g@.......,>,,* ,,,,*,*
#..........<,,,* ,,,**,*
###########***,* ****,,* *,*
*,,,,** *,* *,,,,* *,* *,,,,*
******+** ,,,,,* *,,,,,,,* ,,,***
*,,,,,,,*


You could see a gnoll bouda (inner flame), 3 gnolls, a goblin (inner flame) and
a ball python (inner flame).

Vanquished Creatures
  A phantom (D:4)
  Ijyb (D:3)
  A gnoll (D:4)
  2 adders (D:2)
  A ball python (D:2)
  2 endoplasms
  A goblin (D:1)
  2 hobgoblins
  2 jackals (D:3)
  A frilled lizard (D:2)
  A kobold (D:3)
  A rat (D:1)
16 creatures vanquished.

Vanquished Creatures (others)
  41 foxfires
41 creatures vanquished.

Grand Total: 57 creatures vanquished

Notes
Turn   | Place    | Note
-------+----------+-------------------------------------------
     0 | D:1      | hawla the Meteoran Fire Elementalist began the quest for
                  | the Orb.
     0 | D:1      | Reached XP level 1. HP: 14/14 MP: 5/5
    81 | D:2      | Reached skill level 4 in Fire Magic
    81 | D:2      | Reached XP level 2. HP: 13/20 MP: 3/6
    89 | D:2      | Reached XP level 3. HP: 24/26 MP: 2/8
    92 | D:2      | Learned a level 2 spell: Scorch
   223 | D:3      | Noticed Ijyb
   231 | D:3      | Killed Ijyb
   232 | D:3      | Reached XP level 4. HP: 21/33 MP: 5/10
   260 | D:4      | Noticed a phantom
   268 | D:4      | Killed a phantom
   269 | D:4      | Reached XP level 5. HP: 29/38 MP: 1/11
   274 | D:4      | Learned a level 4 spell: Flame Wave
   373 | D:4      | Slain by a goblin

Illustrated notes

Levels and vault maps discovered:
D:1:      lemuel_arrival_lava_pool, layout_rooms, reono_crystal_passage
D:2:      layout_loops_cross, serial_shops, shop
D:3:      layout_rooms, tgw_sif, portal_sewer_entry_f, uniq_ijyb,
          uniq_crazy_yiuf_cottage
D:4:      layout_basic, minmay_tree_intersection, minmay_bent

Skill      XL: |  1  2  3  4  5 |
---------------+----------------+-----
Fire Magic     | 4 |  4.8
Spellcasting   | 3 |  3.4
Long Blades    | 2 |  2.3
Evocations     | 2 |  2.3
Conjurations   | 2 |  2.1
Dodging        | |  2.7
Stealth        | |  1.4

Action                     |  1- 3 |  4- 6 || total
---------------------------+-------+-------++-------
  Melee: Unarmed           |     7 |       ||     7
         Long sword        |       |     1 ||     1
   Cast: Foxfire           |    15 |     7 ||    22
         Scorch            |     5 |     5 ||    10
         Flame Wave        |       |     1 ||     1
    Use: Potion            |     1 |     1 ||     2
         Scroll            |       |     3 ||     3
 Armour: Robe              |     1 |     4 ||     5
  Dodge: Dodged            |     8 |    10 ||    18
